 Dungeon Crawl Stone Soup version 0.15-a0-2213-gb17132f (webtiles) character file.

147 Meriados the Slasher (level 5, -1/41 HPs)
             Began as a Formicid Fighter on July 24, 2014.
             Succumbed to poison (a potion of poison)
             ... on Level 2 of the Dungeon.
             The game lasted 00:06:59 (2193 turns).

Meriados the Slasher (Formicid Fighter)             Turns: 2193, Time: 00:06:59

HP  -1/41        AC  6     Str 22      XL: 5   Next: 55%
MP   7/7         EV  7     Int  7      God:
Gold 81          SH  9     Dex 10      Spells:  0 memorised,  4 levels left

rFire  . . .     SeeInvis +     a - +0 long sword
rCold  . . .     Clarity  .     b - +0 scale mail
rNeg   . . .     rCorr    .     c - +0 shield
rPois  .         rRot     .     (helmet unavailable)
rElec  .         Spirit   .     (no cloak)
SustAb .         Warding  .     (no gloves)
rMut   .         Stasis   +     (no boots)
Gourm  .                        (no amulet)
MR     .....                    (no ring)
                                (no ring)

@: lethally poisoned, drained, not resistant to hostile enchantments, extremely
unstealthy
A: permanent stasis, dig shafts and tunnels, four strong arms, antennae 3
a: Dig, Shaft Self


You were on level 2 of the Dungeon.
You were not hungry.

You visited 1 branch of the dungeon, and saw 2 of its levels.

You collected 81 gold pieces.

Inventory:

Hand weapons
 a - a +0 long sword (weapon)
Armour
 b - a +0 scale mail (worn)
 c - a +0 shield (worn)
Magical devices
 o - a wand of slowing (0)
Comestibles
 d - 3 bread rations
 j - a royal jelly
 m - a chunk of giant newt flesh
 q - a chunk of hobgoblin flesh
Scrolls
 f - 3 scrolls of remove curse {unknown}
 g - 3 scrolls of identify {unknown}
 k - a scroll of teleportation {unknown}
 l - a scroll of random uselessness {unknown}
Potions
 e - a potion of might
 h - a potion of poison
 i - a potion of heal wounds {unknown}
 n - 2 potions of curing {unknown}


   Skills:
 - Level 3.2(3.0) Fighting
 * Level 5.3(5.1) Long Blades
 - Level 3.2(3.0) Armour
 - Level 3.6(3.4) Shields


You had 4 spell levels left.
You didn't know any spells.

Dungeon Overview and Level Annotations

Branches:
Dungeon (2/15)

Altars:
Xom
The Shining One

Annotations:
D:2 Crazy Yiuf


Innate Abilities, Weirdness & Mutations

Your are under a permanent stasis effect.
You can dig through walls and to a lower floor.
Your four strong arms can wield two-handed weapons with a shield.
You have a pair of large antennae on your head (SInv).


Message History

You are poisoned.
You hit Crazy Yiuf.
Crazy Yiuf is lightly wounded.
* * * LOW HITPOINT WARNING * * *
You feel sick. You block Crazy Yiuf's attack.
You slash Crazy Yiuf!
Crazy Yiuf is heavily wounded.
Crazy Yiuf says, "Line mobile bag!"
Crazy Yiuf closely misses you.
You hit Crazy Yiuf.
Crazy Yiuf is severely wounded.
* * * LOW HITPOINT WARNING * * *
You feel sick.
Crazy Yiuf hits you with a quarterstaff of chaos.
* * * LOW HITPOINT WARNING * * *
Crazy Yiuf freezes you.
* * * LOW HITPOINT WARNING * * *
That liquid tasted very nasty...
You are more poisoned.
It was a potion of poison.
You die...

'### .)# #######..#
.# ..# #..# .# ..
####..## ## .#
#....... ##.
#....... #.#
#....>.. # ##.#
#....... # #g##
#....... # ##@##
#....... # #...##
#....... # #....#
####%...... #....#
#..........
#....####.#########
##.....)..#
##...##### #####


You could see Crazy Yiuf.

Vanquished Creatures
  A crimson imp (D:2)
  Jessica (D:2)
  An adder (D:2)
  A giant mite (D:2)
  3 worms (D:2)
  2 ball pythons
  10 bats
  2 giant cockroaches (D:2)
  8 goblins
  9 hobgoblins
  7 jackals (D:2)
  9 kobolds
  A giant gecko (D:1)
  5 giant newts
  2 rats
62 creatures vanquished.

Notes
Turn   | Place    | Note
--------------------------------------------------------------
     0 | D:1      | Meriados, the Formicid Fighter, began the quest for the Orb.
     0 | D:1      | Reached XP level 1. HP: 18/18 MP: 1/1
    86 | D:1      | Reached XP level 2. HP: 12/24 MP: 3/3
   693 | D:1      | Reached XP level 3. HP: 29/29 MP: 4/4
   964 | D:2      | Found a shimmering altar of Xom.
  1106 | D:2      | Reached XP level 4. HP: 33/35 MP: 5/5
  1118 | D:2      | Reached skill level 4 in Long Blades
  1614 | D:2      | Found a glowing golden altar of the Shining One.
  1655 | D:2      | Noticed Jessica
  1692 | D:2      | Killed Jessica
  1939 | D:2      | Reached skill level 5 in Long Blades
  1939 | D:2      | Reached XP level 5. HP: 33/41 MP: 7/7
  2176 | D:2      | Noticed Crazy Yiuf
  2192 | D:2      | HP: 2/41 [Crazy Yiuf/quarterstaff of chaos (6)]
  2193 | D:2      | Succumbed to poison (a potion of poison)

Action                   |  1- 3 |  4- 6 || total
-------------------------+-------+-------++-------
Melee: Long sword        |   126 |   187 ||   313
  Use: Potion            |       |     1 ||     1
  Eat: Chunk             |     1 |     4 ||     5
